 Dungeon Crawl Stone Soup version 0.30-a0-881-g1ff12e1e11 (webtiles) character file.

Game seed: 10279564036311716311

3460854 Valamore the Slayer (level 24, 253/255 HPs)
             Began as an Armataur Reaver on Mar 15, 2023.
             Was an Elder of Okawaru.
             Escaped with the Orb
             ... and 5 runes!
             The game lasted 01:22:59 (59646 turns).

Valamore the Slayer (Armataur Reaver)              Turns: 59646, Time: 01:22:59

Health: 253/255    AC: 48    Str: 29      XL:     24   Next: 62%
Magic:  23/23      EV: 10    Int: 12 (13) God:    Okawaru [****..]
Gold:   2165       SH: 34    Dex: 10 (11) Spells: 25/26 levels left

rFire   + + .      SeeInvis +    B - +9 morningstar "Qishrijo" {freeze, rElec}
rCold   + + .      Faith    .    Z - +10 tower shield of Ignorance {rN+ Int-4}
rNeg    + . .      Spirit   .    o - +4 gold dragon scales "Plog" {-Cast rElec rPois rF+ rC+ Will+++ Dex+3}
rPois   +          Reflect  .    b - +2 helmet of the Dice {rCorr MP-9 SInv}
rElec   +          Roll     +    k - +2 cloak of Dice, Bag, and Bottle {Str+2}
rCorr   +          NoCast   +    y - +2 pair of gloves {hurl}
Will    ++++.                    f - +4 barding {rC+} Stlth
                                 n - amulet of regeneration
HPRegen 1.42/turn                j - +5 ring of evasion
MPRegen 0.18/turn                u - ring of protection from fire

@: no status effects
A: large, rugged brown scales 3, deformed body, armoured tail, roll, long
tongue, awkward tongue, large bone plates 1, camouflage 1, deterioration 2,
mutation resistance 1
0: Orb of Zot
}: 5/15 runes: decaying, slimy, silver, abyssal, gossamer
a: Renounce Religion, Heroism, Finesse


You escaped.
You worshipped Okawaru.
Okawaru was greatly pleased with you.
You visited 9 branches of the dungeon, and saw 49 of its levels.
You visited the Abyss 2 times.
You also visited: Ossuary and Bailey.

You collected 5559 gold pieces.
You spent 3394 gold pieces at shops.

Inventory:

Hand Weapons
 B - the +9 morningstar "Qishrijo" (weapon) {freeze, rElec}
   (Okawaru gifted it to you on level 2 of the Orcish Mines)

   rElec:     It insulates you from electricity.
Missiles
 e - 6 curare-tipped darts
 p - 17 silver javelins (quivered)
 J - 37 boomerangs
 X - 20 javelins
 Y - a silver boomerang
Armour
 b - the +2 helmet of the Dice (worn) {rCorr MP-9 SInv}
   (Okawaru gifted it to you on level 3 of the Vaults)

   MP:        It affects your magic capacity (-9).
   SInv:      It lets you see invisible.
   rCorr:     It protects you from acid and corrosion.
 f - a +4 barding of cold resistance (worn)
 k - the +2 cloak of Dice, Bag, and Bottle (worn) {Str+2}
   (You found it on level 1 of the Lair of Beasts)

   Str:       It affects your strength (+2).
 o - the +4 gold dragon scales "Plog" (worn) {-Cast rElec rPois rF+ rC+ Will+++ Dex+3}
   (Okawaru gifted it to you on level 3 of the Spider Nest)

   Dex:       It affects your dexterity (+3).
   rF:        It protects you from fire.
   rC:        It protects you from cold.
   rElec:     It insulates you from electricity.
   rPois:     It protects you from poison.
   -Cast:     It prevents spellcasting.
   Will:      It greatly increases your willpower.
 y - a +2 pair of gloves of hurling (worn)
 Z - the +10 tower shield of Ignorance (worn) {rN+ Int-4}
   (Okawaru gifted it to you on level 3 of the Depths)

   Int:       It affects your intelligence (-4).
   rN:        It protects you from negative energy.
Jewellery
 d - a ring of protection from fire
 j - a +5 ring of evasion (left hand)
 l - a +5 ring of evasion
 n - an amulet of regeneration (around neck)
 u - a ring of protection from fire (right hand)
 P - a ring of see invisible
 R - the macabre finger necklace {Finger+ rN+}
   (You found it on level 4 of the Depths)

   [amulet of nothing]

   Finger+:   It enables you to equip an extra ring.
   rN:        It protects you from negative energy.
Wands
 v - a wand of digging (1)
 A - a wand of light (37)
 L - a wand of mindburst (20)
 S - a wand of flame (97)
 U - a wand of iceblast (32)
Scrolls
 g - 7 scrolls of fog
 q - 6 scrolls of torment
 s - 11 scrolls of poison
 t - 15 scrolls of teleportation
 z - 4 scrolls of blinking
 E - 5 scrolls of immolation
 F - 9 scrolls of fear
 N - 12 scrolls of vulnerability
 Q - 3 scrolls of enchant armour
 V - 4 scrolls of silence
Potions
 a - 2 potions of berserk rage
 c - 9 potions of mutation
 h - 4 potions of haste
 i - 4 potions of magic
 m - 12 potions of might
 r - 4 potions of resistance
 w - 8 potions of heal wounds
 C - a potion of flight
 D - 15 potions of curing
 H - a potion of invisibility
 I - 5 potions of ambrosia
 K - 8 potions of cancellation
 T - 10 potions of lignification
Miscellaneous
 x - a tin of tremorstones (2/2)
 M - a lightning rod (4/4)
 W - a phial of floods


   Skills:
 + Level 24.4 Fighting
 - Level 16.0 Maces & Flails
 - Level 12.0 Throwing
 - Level 21.0 Armour
 - Level 10.0 Dodging
 - Level 21.0 Shields
 - Level 1.7 Spellcasting
 - Level 2.6 Conjurations
 - Level 12.0 Invocations
 - Level 14.0 Evocations


You had 25 spell levels left.
You knew the following spells:

 Your Spells              Type           Power      Damage    Failure   Level
a - Kiss of Death         Conj/Necr      16%        2d6       95%         1

Your spell library contained the following spells:

 Spells                   Type           Power      Damage    Failure   Level
 Magic Dart               Conj           28%        1d4       83%         1
 Searing Ray              Conj           14%        2d5       92%         2
 Foxfire                  Conj/Fire      16%        2x1d4     95%         1
 Shock                    Conj/Air       16%        1d4       95%         1
 Momentum Strike          Conj/Tloc      8%         3d8       98%         2
 Static Discharge         Conj/Air       8%         2-3/arc   98%         2
 Apportation              Tloc           2%         N/A       99%         1
 Beastly Appendage        Tmut           2%         N/A       99%         1
 Necrotise                Necr           4%         1d4       99%         1
 Sandblast                Erth           2%         2d4       99%         1
 Slow                     Hex            4%         N/A       99%         1
 Blink                    Tloc           2%         N/A       100%        2
 Cigotuvi's Dreadful Rot  Necr/Pois/Air  2%         N/A       100%        2
 Passwall                 Tmut/Erth      0%         N/A       100%        2
 Poisonous Vapours        Pois/Air       2%         N/A       100%        2
 Sublimation of Blood     Necr           1%         N/A       100%        2
 Wereblood                Tmut           1%         N/A       100%        2
 Confusing Touch          Hex            1%         N/A       100%        3
 Dazzling Flash           Conj/Hex       8%         N/A       100%        3
 Hailstorm                Conj/Ice       4%         3d4       100%        3
 Ignite Poison            Fire/Tmut/Pois 1%         N/A       100%        3
 Kindle Blastsparks       Fire/Tloc/Air  2%         2d10      100%        3
 Mephitic Cloud           Conj/Pois/Air  3%         N/A       100%        3
 Portal Projectile        Hex/Tloc       2%         N/A       100%        3
 Spider Form              Tmut/Pois      1%         N/A       100%        3
 Stone Arrow              Conj/Erth      8%         3d7       100%        3
 Swiftness                Air            1%         N/A       100%        3
 Vampiric Draining        Necr           1%         2d6       100%        3
 Vhi's Electric Charge    Tloc/Air       2%         N/A       100%        3
 Airstrike                Air            0%         2d(1-17)  100%        4
 Anguish                  Hex/Necr       0%         N/A       100%        4
 Fulminant Prism          Conj/Hex       2%         3d5       100%        4
 Manifold Assault         Tloc           1%         N/A       100%        4
 Olgreb's Toxic Radiance  Pois           1%         N/A       100%        4
 Passage of Golubria      Tloc           1%         N/A       100%        4
 Petrify                  Tmut/Erth      1%         N/A       100%        4
 Sticky Flame             Conj/Fire      4%         2d3       100%        4
 Agony                    Necr           1%         N/A       100%        5
 Alistair's Intoxication  Tmut/Pois      0%         N/A       100%        5
 Arcjolt                  Conj/Air       2%         1d12      100%        5
 Blade Hands              Tmut           0%         N/A       100%        5
 Borgnjor's Vile Clutch   Necr/Erth      0%         N/A       100%        5
 Fireball                 Conj/Fire      2%         3d4       100%        5
 Freezing Cloud           Conj/Ice/Air   1%         6-21      100%        5
 Irradiate                Conj/Tmut      2%         3d12      100%        5
 Lightning Bolt           Conj/Air       2%         1d13      100%        5
 Silence                  Hex/Air        0%         N/A       100%        5
 Starburst                Conj/Fire      2%         6d3       100%        6
 Enfeeble                 Hex            0%         N/A       100%        7
 Orb of Destruction       Conj           3%         9d5       100%        7
 Ozocubu's Refrigeration  Ice            0%         4d7       100%        7
 Storm Form               Tmut/Air       0%         N/A       100%        7
 Borgnjor's Revivificati  Necr           0%         N/A       100%        8
 Ignition                 Fire           0%         3d3       100%        8
 Lehudib's Crystal Spear  Conj/Erth      2%         10d2      100%        8
 Maxwell's Capacitive Co  Air            0%         ∞         100%        8
 Necromutation            Tmut/Necr      0%         N/A       100%        8
 Death's Door             Necr           0%         N/A       100%        9
 Summon Small Mammal      Summ           Unusable   N/A       N/A         1
 Summon Guardian Golem    Hex/Summ       Unusable   N/A       N/A         3
 Tukima's Dance           Hex            Unusable   N/A       N/A         3
 Animate Dead             Necr           Unusable   N/A       N/A         4
 Summon Lightning Spire   Summ/Air       Unusable   N/A       N/A         4
 Death Channel            Necr           Unusable   N/A       N/A         6
 Spellforged Servitor     Conj/Summ      Unusable   N/A       N/A         7
 Infestation              Necr           Unusable   N/A       N/A         8

Dungeon Overview and Level Annotations

Branches:
Dungeon (15/15)            Temple (0/1) D:5            Lair (5/5) D:9
  Swamp (4/4) Lair:2       Spider (4/4) Lair:2        Slime (5/5) Lair:5
    Orc (2/2) D:11            Elf (0/3) Orc:2        Vaults (5/5) D:14
  Crypt (0/3) Vaults:3     Depths (4/4) D:15            Zot (5/5) Depths:4
Ossuary (visited)          Bailey (visited)

Altars:
Ashenzari
Dithmenos
Elyvilon
Makhleb
Okawaru
Ru
Trog
Uskayaw
Vehumet
Wu Jian
Zin
The Shining One
Jiyva

Shops:
D:5 :[??   Orc:2 :(([(   Vaults:1 [   Vaults:4 *   Depths:1 :([

Portals:
Hell: Depths:1 Depths:2 Depths:3 Depths:4
Abyss: Depths:1 Depths:3 Depths:4
Pandemonium: Depths:2 Depths:4
Ziggurat: Depths:4
Trove: D:15 (give 2 scrolls of acquirement)

Annotations:
D:9 3 runed translucent doors, exclusion: ice statue
Orc:2 2 transporters, testman's ghost, journeyman TrFi
Vaults:3 2 transporters, exclusion: obsidian statue
Depths:1 3 runed translucent doors, Kiwen's ghost, master GrEE; MrSquiggles's ghost, adept DsGl; Osilorir's ghost, veteran MfMo; Tourr's ghost, veteran HuIE


Innate Abilities, Weirdness & Mutations

You are completely covered in rugged brown scales. (AC +3, +7% HP)
Armour fits poorly on your strangely shaped body.
You have a long armoured tail.
You roll when moving toward enemies. (Rampage)
Your long tongue fully drains potion bottles. (2x potion effects)
Your tongue gives you trouble enunciating. (1.5x scroll delay)
You are partially covered in large bone plates. (SH +4)
Your skin changes colour to match your surroundings (Stealth+).
Your body often deteriorates upon taking damage.
You are somewhat resistant to further mutation.


Message History

You block the tormentor's attack. x2
You impale the tormentor!! You freeze the tormentor.
You kill the tormentor!
Okawaru accepts your kill.
There is a stone staircase leading up here.
You climb upwards.
There is a stone staircase leading down here.
(D) Dungeon (T) Temple (L) Lair (S) Swamp (N) Spider Nest (M) Slime Pits (O) Orcish Mines (E) Elven Halls (V) Vaults (C) Crypt (U) Depths (H) Hell (Z) Zot
Where to? (Enter - D:1 @ (x,y), ? - help)
What level of the Dungeon? (default 1, ? - help) Magic restored.
Your hands slow down.
There is a stone staircase leading up here.
You climb upwards.
There is a stone staircase leading down here.
There is a stone staircase leading up here.
You climb upwards.
There is a stone staircase leading down, spattered with blood here.
There is a fountain of clear blue water here.
You feel like a meek peon again.
You see here a +0 giant spiked club.
Things that are here:
a +0 giant spiked club; a +0 chain mail; a +0 flail
There is a stone staircase leading up here.
You climb upwards.
There is a stone staircase leading down here.
There is a stone staircase leading up here.
You climb upwards.
There is a stone staircase leading down here.
There is a stone staircase leading up here.
You climb upwards.
There is a stone staircase leading down here.
There is a stone staircase leading up here.
You climb upwards.
There is a stone staircase leading down here.
There is a staircase leading out of the dungeon here.
You have escaped!

.................................
.#>..............###.###..####.∩#
...........#......##.###........#
.#.........................#.....
...................#####..##.....
..(....#..##.....8.#####..##.....
.#.....#..##.......≈§≈##..##.....
.#................≈§§≈##..##.....
............8..8@.≈≈≈>##.###.....
##................≈≈≈≈##.###.....
#.##....#.#.......≈≈≈##.........
#.##..#.#.......8.#####.........
##.##..#...........#####.........
.......#.##......................
.........#.......................
.........####...########...)..###
......#.## ##.~.# ####......# #


There were no monsters in sight!

Vanquished Creatures
  the Royal Jelly (Slime:5)
  Dissolution (Slime:1)
  2 dread liches
  Mara (Vaults:4)
  An ancient lich (Zot:5)
  An orb of fire (Zot:5)
  A juggernaut (Depths:2)
  A pandemonium lord (D:11)
  Xtahua (Vaults:3)
  5 Killer Klowns (Zot:5)
  4 caustic shrikes (Depths:4)
  8 golden dragons
  The ghost of Yptir the Protected, an adept AtFE of Vehumet (Vaults:3)
  4 bone dragons
  A pearl dragon (Depths:1)
  A Tzitzimitl (D:8)
  An electric golem (Zot:5)
  Mlioglotl (Swamp:1)
  4 liches
  23 Orb Guardians
  An Ice Fiend (Zot:5)
  12 tentacled monstrosities
  A titan (Vaults:5)
  8 quicksilver dragons
  A deep elf master archer (Vaults:3)
  14 acid blobs
  A death cob (Zot:2)
  A kraken (Abyss:4)
  Frances (D:12)
  Kirke (D:13)
  5 sphinxes
  3 draconian monks
  3 shadow dragons
  Donald (Swamp:1)
  10 storm dragons
  3 tengu reavers
  9 fire giants
  12 rockslimes
  7 azure jellies
  3 deep elf sorcerers
  3 draconian knights
  An iron dragon (Depths:4)
  13 vault wardens
  11 frost giants
  3 emperor scorpions
  Louise (Swamp:2)
  Aizul (Swamp:1)
  2 draconian shifters
  31 very ugly things
  A draconian stormcaller (Zot:5)
  8 ghost moths
  2 orc warlords
  3 quicksilver oozes
  4 spriggan defenders
  2 draconian annihilators
  A reaper (Depths:4)
  5 broodmothers
  22 ironbound preservers
  An ophan (Depths:1)
  2 vampire knights
  3 deep elf demonologists (Vaults:5)
  3 black draconians
  17 stone giants
  3 green draconians
  5 ironbound thunderhulks
  A minotaur (Vaults:3)
  An eleionoma (Swamp:3)
  7 spark wasps
  An apis (Depths:1)
  3 purple draconians
  2 deep elf annihilators (Vaults:5)
  3 red draconians
  11 dire elephants
  6 bunyips
  7 white draconians
  6 yellow draconians
  Snorg (D:11)
  7 ettins
  9 fire dragons
  2 merfolk impalers
  2 deep elf death magi (Vaults:5)
  A green death (Zot:5)
  8 entropy weavers
  Fannar (Lair:3)
  4 shambling mangroves
  An ettin (shapeshifter) (Vaults:5)
  3 spriggan air magi
  A deep elf high priest (Vaults:5)
  13 yaktaur captains
  12 great orbs of eyes
  Harold (D:11)
  A rakshasa (Depths:1)
  6 ice dragons
  14 hydras
  35 vault guards
  An ogre mage (Vaults:5)
  Erolcha (D:11)
  A jorogumo (Spider:3)
  3 catoblepae
  3 radroaches
  3 ironbound frosthearts
  4 ghost crabs
  14 centaur warriors
  8 boulder beetles
  7 alligators
  2 two-headed ogres
  4 deep troll shamans
  A death scarab (Spider:3)
  A naga warrior (Vaults:3)
  7 death yaks
  4 hell hogs
  7 deep troll earth magi
  5 tengu warriors
  4 orc high priests
  Urug (Lair:1)
  2 sun demons
  4 spriggan berserkers
  9 soul eaters
  Sonja (D:11)
  14 hell knights
  A deep elf knight (Vaults:3)
  5 skeletal warriors
  A sixfirhy (Abyss:1)
  A spectral death yak (Lair:5)
  3 fire crabs
  A spectral anaconda (Lair:5)
  4 pharaoh ants
  6 goliath frogs
  3 flayed ghosts
  8 iron trolls
  60 deep trolls
  5 orb spiders
  5 spriggan druids
  A skyshark (Lair:4)
  An obsidian statue (Lair:5)
  11 swamp dragons
  13 lindwurms
  An orange crystal statue (Zot:4)
  18 ironbound convokers
  4 phantasmal warriors
  8 wizards
  13 necromancers
  3 bog bodies
  A glowing orange brain (Depths:3)
  4 oklob plants (Zot:4)
  2 will-o-the-wisps
  20 wolf spiders
  A manticore (shapeshifter) (Depths:3)
  A fire giant zombie (Vaults:2)
  40 ugly things
  5 cyclopes
  3 steelbarb worms
  9 orc knights
  A wolf spider (shapeshifter) (Depths:3)
  5 orc sorcerers
  A worldbinder (Abyss:1)
  10 elephants
  3 salamanders (Depths:2)
  16 moths of wrath
  Maurice (D:12)
  6 black mambas
  14 demonic crawlers
  20 vault sentinels
  3 dire elephant zombies (Lair:5)
  4 smoke demons
  A guardian serpent (Abyss:2)
  An orange demon (Depths:4)
  2 torpor snails
  2 apocalypse crabs (Abyss:4)
  A naga skeleton (Abyss:2)
  2 unseen horrors
  Psyche (D:9)
  13 cane toads
  4 rime drakes
  5 komodo dragons
  31 yaktaurs
  A kobold demonologist (Depths:4)
  3 tengu conjurers
  2 ice devils
  2 tormentors
  2 freezing wraiths (D:14)
  A queen bee (D:13)
  3 meliai (D:13)
  A polar bear (Lair:3)
  A guardian mummy (D:15)
  2 bloated husks
  42 hornets
  7 trolls
  22 tarantellas
  13 tyrant leeches
  5 raiju (Abyss:1)
  10 blink frogs
  23 jumping spiders
  62 slime creatures
  2 shadows
  16 culicivoras
  3 wraiths
  2 ynoxinuls
  4 wyverns
  Sigmund (D:6)
  30 spriggans
  3 hogs (D:13)
  Eustachio (D:6)
  2 vampires
  10 water elementals
  37 yaks
  3 fire elementals
  A golden eye (Slime:5)
  A wyvern (shapeshifter) (Vaults:5)
  5 basilisks
  4 humans (D:13)
  4 chaos spawn
  63 redbacks
  5 steam dragons
  19 vampire mosquitoes
  2 neqoxecs (Abyss:1)
  14 swamp worms
  7 hydra simulacra (Depths:2)
  2 spectral cane toads (Lair:5)
  7 large abominations
  2 acid dragons
  A warg (Orc:2)
  12 water moccasins
  A glowing shapeshifter zombie (Vaults:2)
  3 hell hounds
  A floating eye (Depths:1)
  A glowing shapeshifter skeleton (Vaults:2)
  11 swamp drakes
  2 sky beasts
  3 ice beasts
  32 orc warriors
  4 black bears
  2 elephant zombies (Lair:5)
  5 wolves (Lair:2)
  10 centaurs
  8 boggarts
  An elephant skeleton (Lair:5)
  An ogre (shapeshifter) (Vaults:5)
  8 ogres
  A phantom (D:3)
  3 small abominations (Abyss:2)
  11 bullfrogs
  5 kobold brigands
  A cane toad simulacrum (Lair:5)
  An earth elemental (Abyss:3)
  A gnoll sergeant (D:9)
  9 scorpions
  Blork the orc (D:6)
  23 killer bees
  An electric eel (Spider:4)
  2 elephant simulacra (Lair:5)
  2 howler monkeys (D:11)
  A hound (D:4)
  A quasit (Abyss:2)
  3 human zombies
  An iron imp (Abyss:2)
  22 orc priests
  Crazy Yiuf (D:7)
  A sleepcap (D:7)
  2 jellies
  A gnoll bouda (D:6)
  2 iguanas
  Ijyb (D:4)
  Terence (D:2)
  26 orc wizards
  2 hell rats (Lair:3)
  A hound zombie (Ossuary)
  4 mummies (Ossuary)
  15 gnolls
  5 adders
  10 river rats (Lair:3)
  3 white imps
  2 adder zombies (Ossuary)
  6 worms
  76 orcs
  4 bats
  11 endoplasms
  2 giant cockroaches
  4 goblins
  A hobgoblin (shapeshifter) (Vaults:5)
  10 hobgoblins
  4 jackals (D:1)
  33 kobolds
  2 quokkas
  12 ball pythons
  A goblin zombie (Ossuary)
  A hobgoblin zombie (Ossuary)
  A kobold zombie (Ossuary)
  3 orc zombies (Ossuary)
  5 rats
  A rat zombie (Ossuary)
  A butterfly (D:15)
  3 tentacles (Abyss:4)
1903 creatures vanquished.

Vanquished Creatures (others)
  A hydra (Swamp:4)
  A bloated husk (Swamp:3)
  A hornet (Swamp:3)
  A water elemental (Depths:2)
  A swamp worm (Swamp:2)
  A boggart (D:14)
  An orc wizard (Orc:1)
  An orc (D:8)
  8 foxfires
  15 fungi
  23 plants
  4 tentacles (Abyss:4)
  15 withered plants (Lair:5)
73 creatures vanquished.

Grand Total: 1976 creatures vanquished

Notes
Turn   | Place    | Note
-------+----------+-------------------------------------------
     0 | D:1      | Valamore the Armataur Reaver began the quest for the Orb.
     0 | D:1      | Reached XP level 1. HP: 18/18 MP: 3/3
    82 | D:1      | Reached skill level 2 in Fighting
    86 | D:1      | Reached XP level 2. HP: 20/25 MP: 4/4
   284 | D:1      | Found Biog's Magic Scroll Boutique.
   422 | D:1      | Reached XP level 3. HP: 31/31 MP: 5/5
  1124 | D:2      | Noticed Terence
  1305 | D:3      | Found a sacrificial altar of Ru.
  1411 | D:3      | Found a broken altar of Ashenzari.
  1458 | D:3      | Reached XP level 4. HP: 39/39 MP: 6/6
  1825 | D:3      | Found a radiant altar of Vehumet.
  1829 | D:3      | Found a glowing golden altar of the Shining One.
  2181 | D:4      | Found a glowing silver altar of Zin.
  2232 | D:4      | Noticed a black bear
  2253 | D:4      | Killed a black bear
  2254 | D:4      | Reached skill level 3 in Fighting
  2254 | D:4      | Reached XP level 5. HP: 41/48 MP: 7/7
  2277 | D:4      | Reached skill level 5 in Maces & Flails
  2321 | D:4      | Found a sand-covered staircase.
  2325 | Ossuary  | Entered an ossuary
  2338 | Ossuary  | Reached XP level 6. HP: 35/54 MP: 8/8
  2346 | Ossuary  | Gained mutation: Your body sometimes deteriorates upon
                  | taking damage. [potion of mutation]
  2346 | Ossuary  | Gained mutation: You passively map a small area around you.
                  | [potion of mutation]
  2346 | Ossuary  | Gained mutation: You are covered in fur. (AC +1) [potion of
                  | mutation]
  2803 | D:3      | Reached skill level 4 in Fighting
  3203 | D:4      | Noticed Ijyb
  3214 | D:4      | Killed Ijyb
  3527 | D:2      | Reached XP level 7. HP: 58/63 MP: 9/9
  3581 | D:2      | Killed Terence
  4037 | D:5      | Entered Level 5 of the Dungeon
  4152 | D:5      | Found Fituur's Vocational Training.
  4173 | D:5      | Found Wiorenel's Magic Scroll Boutique.
  4180 | D:5      | Found Ijem's Antique Armour Emporium.
  4180 | D:5      | Found Gixtas's Magic Scroll Boutique.
  4329 | D:5      | Bought a scroll of teleportation for 33 gold pieces
  4329 | D:5      | Bought a scroll of identify for 22 gold pieces
  4604 | D:5      | Found an iron altar of Okawaru.
  4604 | D:5      | Found a bloodstained altar of Trog.
  4605 | D:5      | Found a shadowy altar of Dithmenos.
  4728 | D:5      | Found a burning altar of Makhleb.
  4812 | D:5      | Found a staircase to the Ecumenical Temple.
  4956 | D:5      | Became a worshipper of Warmaster Okawaru
  5017 | D:5      | Bought a buckler for 112 gold pieces
  5039 | D:6      | Noticed Blork the orc
  5040 | D:6      | Noticed a wyvern
  5087 | D:5      | Killed a wyvern
  5088 | D:5      | Reached skill level 5 in Fighting
  5088 | D:5      | Reached skill level 1 in Shields
  5088 | D:5      | Reached XP level 8. HP: 52/72 MP: 10/10
  5204 | D:6      | Noticed Sigmund
  5209 | D:6      | Killed Sigmund
  5213 | D:6      | Reached * piety under Okawaru
  5318 | D:6      | Found an ornate altar of the Wu Jian Council.
  5397 | D:6      | Killed Blork the orc
  5778 | D:6      | Noticed Eustachio
  5821 | D:6      | Killed Eustachio
  6261 | D:7      | Got the Atlas of the Morgue and the Spider
  6306 | D:7      | Reached skill level 6 in Fighting
  6329 | D:7      | Reached XP level 9. HP: 80/80 MP: 11/11
  6469 | D:7      | Reached ** piety under Okawaru
  6828 | D:7      | Found a runed translucent door.
  6829 | D:7      | Noticed Crazy Yiuf
  7077 | D:7      | Killed Crazy Yiuf
  7210 | D:8      | Reached skill level 5 in Shields
  7391 | D:8      | Found a flagged portal.
  7420 | Bailey   | Entered a bailey
  7472 | Bailey   | Reached skill level 10 in Maces & Flails
  7498 | Bailey   | Noticed an orc warlord
  7585 | Bailey   | Noticed an orc knight
  7632 | Bailey   | Killed an orc knight
  7632 | Bailey   | Reached *** piety under Okawaru
  7633 | Bailey   | Reached skill level 7 in Fighting
  7875 | Bailey   | Found a runed translucent gate.
  7876 | Bailey   | Found a runed translucent gate.
  7877 | Bailey   | Found a runed translucent gate.
  8188 | D:8      | Reached XP level 10. HP: 92/92 MP: 12/12
  8202 | D:8      | Reached skill level 10 in Fighting
  8202 | D:8      | Reached XP level 11. HP: 107/107 MP: 13/13
  8202 | D:8      | Reached XP level 12. HP: 113/113 MP: 14/14
  8365 | D:8      | Found a hide-covered altar of Uskayaw.
  8382 | D:8      | Reached skill level 1 in Armour
  8800 | D:9      | Found a runed translucent door.
  8885 | D:9      | Found a runed translucent door.
  8887 | D:9      | Noticed Psyche
  8900 | D:9      | Found a runed translucent door.
  8912 | D:9      | Found a runed translucent door.
  8979 | D:9      | Found a staircase to the Lair.
  9530 | D:9      | Killed Psyche
  9556 | D:10     | Entered Level 10 of the Dungeon
 10503 | D:11     | Reached **** piety under Okawaru
 10577 | D:11     | Noticed Sonja
 10581 | D:11     | Killed Sonja
 10600 | D:11     | Reached skill level 15 in Maces & Flails
 10616 | D:11     | Noticed Erolcha
 10637 | D:11     | Killed Erolcha
 10842 | D:11     | Noticed Harold
 10853 | D:11     | Killed Harold
 11001 | D:11     | Reached skill level 5 in Armour
 11020 | D:11     | Found a staircase to the Orcish Mines.
 11480 | D:12     | Identified the +9 whip of Nemelex Xobeh's Esteem {drain,
                  | Drain rElec rN++ Stlth+}
 11737 | D:12     | Noticed Maurice
 11884 | D:12     | Killed Maurice
 12000 | D:12     | Reached ***** piety under Okawaru
 12072 | D:12     | Noticed a two-headed ogre
 12108 | D:12     | Killed a two-headed ogre
 12208 | D:12     | Reached XP level 13. HP: 118/120 MP: 15/15
 12345 | D:12     | Noticed Frances
 12534 | Lair:1   | Entered Level 1 of the Lair of Beasts
 12538 | Lair:1   | Identified the +2 cloak of Dice, Bag, and Bottle {Str+2}
 13071 | Lair:1   | Received a gift from Okawaru
 13130 | Lair:1   | Noticed Urug
 13153 | Lair:1   | Killed Urug
 14154 | Lair:2   | Found a staircase to the Swamp.
 14469 | Lair:2   | Reached skill level 10 in Shields
 14597 | Lair:2   | Found a hole to the Spider Nest.
 15545 | Lair:3   | You fall into a shaft and drop 2 floors!
 15545 | Lair:5   | Entered Level 5 of the Lair of Beasts
 15573 | Lair:4   | Identified the +2 barding of Integrity {*Corrode *Slow
                  | rElec Int+5} (Okawaru gifted it to you on level 4 of the
                  | Lair of Beasts)
 15573 | Lair:4   | Received a gift from Okawaru
 16600 | Lair:3   | Noticed Fannar
 16632 | Lair:3   | Killed Fannar
 16862 | Lair:3   | Reached skill level 1 in Invocations
 17377 | Lair:4   | Reached XP level 14. HP: 123/129 MP: 16/16
 18411 | Lair:4   | Reached skill level 10 in Armour
 18964 | Lair:5   | Found a staircase to the Slime Pits.
 19993 | Lair:5   | Reached skill level 5 in Invocations
 20299 | Lair:5   | Received a gift from Okawaru
 21223 | D:12     | Killed Frances
 21382 | D:12     | Identified a scroll of acquirement
 21382 | D:12     | Acquired a +2 barding of cold resistance
 22329 | D:13     | Noticed Kirke
 22350 | D:13     | Killed Kirke
 22351 | D:13     | Reached XP level 15. HP: 130/134 MP: 17/19
 22796 | D:13     | Reached skill level 15 in Shields
 22890 | D:14     | Identified the +7 mace of the Magi {freeze, Fragile rPois
                  | rCorr Dex+9}
 23984 | D:14     | Found a gate to the Vaults.
 24136 | D:15     | Entered Level 15 of the Dungeon
 24220 | D:15     | Found a white marble altar of Elyvilon.
 24357 | D:15     | Found a staircase to the Depths.
 24734 | D:15     | Found a portal to a secret trove of treasure.
 24849 | Orc:1    | Entered Level 1 of the Orcish Mines
 24852 | Orc:1    | Noticed Snorg
 24868 | D:11     | Killed Snorg
 25728 | Orc:2    | Entered Level 2 of the Orcish Mines
 25911 | Orc:2    | Found Etienalu's Book Boutique.
 25955 | Orc:2    | Found a staircase to the Elven Halls.
 25961 | Orc:2    | Found a transporter.
 25986 | Orc:2    | Noticed testman's ghost (journeyman TrFi)
 26030 | Orc:2    | Found a transporter.
 26269 | Orc:2    | Identified the +9 morningstar "Qishrijo" {freeze, rElec}
                  | (Okawaru gifted it to you on level 2 of the Orcish Mines)
 26269 | Orc:2    | Received a gift from Okawaru
 26287 | Orc:2    | Found Hapaomuna's Antique Weapon Emporium.
 26512 | Orc:2    | Found Foyret's Antique Armour Shop.
 26519 | Orc:2    | Found Fadenk's Weapon Shop.
 26521 | Orc:2    | Found Himeihez's Weapon Emporium.
 26544 | Orc:2    | Bought a heavily runed ring mail for 216 gold pieces
 26544 | Orc:2    | Identified the +1 ring mail of Restlessness {Contam rElec
                  | rPois Dex+5} (You bought it in a shop on level 2 of the
                  | Orcish Mines)
 26544 | Orc:2    | Bought a twisted troll leather armour for 480 gold pieces
 26544 | Orc:2    | Identified the +4 troll leather armour of Pugotzyb {Harm
                  | Regen+ Dex+2 Slay+2} (You bought it in a shop on level 2 of
                  | the Orcish Mines)
 26832 | Swamp:1  | Entered Level 1 of the Swamp
 26981 | Swamp:1  | Reached skill level 11 in Fighting
 26981 | Swamp:1  | Reached skill level 10 in Invocations
 27014 | Swamp:1  | Received a gift from Okawaru
 27172 | Swamp:1  | Reached XP level 16. HP: 52/146 MP: 15/23
 27429 | Swamp:1  | Noticed Aizul
 27438 | Swamp:1  | Killed Aizul
 28057 | Swamp:1  | Paralysed by a hornet for 2 turns
 28447 | Swamp:1  | Noticed Mlioglotl
 28467 | Swamp:1  | Killed Mlioglotl
 28759 | Swamp:2  | Noticed Donald
 28760 | Swamp:2  | Noticed Louise
 28788 | Swamp:1  | Killed Donald
 28797 | Swamp:1  | Reached skill level 12 in Fighting
 29052 | Swamp:2  | Killed Louise
 29411 | Swamp:2  | Identified the +1 ring mail of Qingig {rPois}
 29793 | Swamp:3  | Received a gift from Okawaru
 29936 | Swamp:3  | Reached skill level 13 in Fighting
 30703 | Swamp:4  | Entered Level 4 of the Swamp
 30797 | Swamp:3  | Received a gift from Okawaru
 30879 | Swamp:3  | Reached skill level 14 in Fighting
 31109 | Swamp:4  | Identified the +6 flail of the Sneaky Nights {heavy, Str+3}
                  | (Okawaru gifted it to you on level 4 of the Swamp)
 31109 | Swamp:4  | Received a gift from Okawaru
 31110 | Swamp:4  | Reached XP level 17. HP: 111/164 MP: 26/26
 31751 | Swamp:4  | Reached skill level 15 in Fighting
 31939 | Swamp:4  | Paralysed by a hornet for 3 turns
 32395 | Swamp:4  | Got a decaying rune of Zot
 32654 | D:5      | Bought a scroll of teleportation for 36 gold pieces
 32654 | D:5      | Bought a scroll of poison for 48 gold pieces
 32654 | D:5      | Bought a scroll of fog for 48 gold pieces
 32654 | D:5      | Bought a scroll of blinking for 90 gold pieces
 32654 | D:5      | Bought a scroll of poison for 48 gold pieces
 32751 | D:1      | Bought a scroll of teleportation for 42 gold pieces
 32751 | D:1      | Bought a scroll of fear for 56 gold pieces
 32751 | D:1      | Bought a scroll of teleportation for 42 gold pieces
 32751 | D:1      | Bought a scroll of teleportation for 42 gold pieces
 32751 | D:1      | Bought a scroll of poison for 56 gold pieces
 32845 | D:5      | Bought a masterwork ring mail for 225 gold pieces
 32845 | D:5      | Identified the +0 ring mail "Pusieg" {rN+} (You bought it
                  | in a shop on level 5 of the Dungeon)
 32867 | D:5      | Bought a manual of Evocations for 1040 gold pieces
 33009 | Spider:1 | Entered Level 1 of the Spider Nest
 33014 | Spider:1 | Reached skill level 1 in Evocations
 34043 | Spider:2 | Reached skill level 5 in Evocations
 34401 | Spider:2 | Reached ****** piety under Okawaru
 35432 | Spider:3 | Reached skill level 5 in Dodging
 35450 | Spider:3 | Identified the +4 gold dragon scales "Plog" {-Cast rElec
                  | rPois rF+ rC+ Will+++ Dex+3} (Okawaru gifted it to you on
                  | level 3 of the Spider Nest)
 35450 | Spider:3 | Received a gift from Okawaru
 36545 | Spider:4 | Entered Level 4 of the Spider Nest
 36732 | Spider:3 | Reached XP level 18. HP: 133/177 MP: 27/27
 37296 | Spider:4 | Reached skill level 16 in Fighting
 37337 | Spider:4 | Reached skill level 10 in Evocations
 37515 | Spider:4 | Received a gift from Okawaru
 37633 | Spider:4 | Paralysed by a hornet for 2 turns
 38156 | Spider:4 | Got a gossamer rune of Zot
 38532 | Vaults:1 | Entered Level 1 of the Vaults
 38768 | Vaults:1 | Reached skill level 15 in Armour
 39091 | Vaults:1 | Found Voetz's Armour Boutique.
 39099 | Vaults:1 | Identified the +11 mace of Wycelerr {drain, rN+} (Okawaru
                  | gifted it to you on level 1 of the Vaults)
 39099 | Vaults:1 | Received a gift from Okawaru
 39132 | Vaults:1 | Bought a +2 helmet of see invisible for 301 gold pieces
 39144 | Vaults:1 | Bought a +2 pair of gloves of dexterity for 301 gold pieces
 39887 | Vaults:1 | Received a gift from Okawaru
 41284 | Vaults:2 | Got the Compendium of the Brume and Toxicants
 41381 | Vaults:2 | Reached XP level 19. HP: 186/186 MP: 28/28
 41387 | Vaults:2 | Identified the +1 ring mail of the Equator {Rampage rPois
                  | Regen+}
 41626 | Vaults:2 | Received a gift from Okawaru
 41768 | Vaults:2 | Reached skill level 17 in Fighting
 42427 | Vaults:3 | Found a staircase to the Crypt.
 42530 | Vaults:3 | Noticed Xtahua
 42544 | Vaults:3 | Killed Xtahua
 42673 | Vaults:3 | Received a gift from Okawaru
 42817 | Vaults:3 | Found a runed translucent gate.
 42817 | Vaults:3 | Found a runed translucent gate.
 42817 | Vaults:3 | Found a runed translucent gate.
 42818 | Vaults:3 | Noticed Yptir's ghost (adept AtFE)
 43135 | Vaults:3 | Found a transporter.
 43136 | Vaults:3 | Found the +2 cloak of the Thief {*Fog Slay-2 SInv Stlth+}
 43150 | Vaults:3 | Found a transporter.
 43569 | Vaults:3 | Identified the +2 helmet of the Dice {rCorr MP-9 SInv}
                  | (Okawaru gifted it to you on level 3 of the Vaults)
 43569 | Vaults:3 | Received a gift from Okawaru
 43923 | Vaults:3 | Found an iron altar of Okawaru.
 43947 | Vaults:3 | Killed Yptir's ghost
 44431 | Vaults:4 | Reached XP level 20. HP: 170/200 MP: 29/29
 44663 | Vaults:4 | Reached skill level 18 in Fighting
 44738 | Vaults:4 | Noticed Mara
 45421 | Vaults:4 | Noticed Valamore's illusion
 45424 | Vaults:4 | Received a gift from Okawaru
 45466 | Vaults:4 | Killed Mara
 45467 | Vaults:4 | Reached skill level 1 in Throwing
 45722 | Vaults:4 | Found Vifiv's General Store.
 45730 | Vaults:4 | Bought a scroll of fear for 52 gold pieces
 45730 | Vaults:4 | Bought a potion of cancellation for 104 gold pieces
 45878 | Vaults:5 | Entered Level 5 of the Vaults
 46087 | Depths:1 | Entered Level 1 of the Depths
 46121 | Depths:1 | Found Kaddest's Weapon Boutique.
 46129 | Depths:1 | Found Qeullaf's Book Boutique.
 46225 | Depths:1 | Found an iron altar of Okawaru.
 46227 | Depths:1 | Paralysed by a floating eye for 4 turns
 46276 | Depths:1 | Found a one-way gate to the infinite horrors of the Abyss.
 46369 | Depths:1 | Found a runed translucent gate.
 46369 | Depths:1 | Found a runed translucent gate.
 46370 | Depths:1 | Found a runed translucent gate.
 46370 | Depths:1 | Noticed Tourr's ghost (veteran HuIE)
 46371 | Depths:1 | Noticed Osilorir's ghost (veteran MfMo)
 46371 | Depths:1 | Noticed Kiwen's ghost (master GrEE)
 46522 | Depths:1 | Found a gateway to Hell.
 46818 | Depths:1 | Found Bayajidda's Dragon-Slaying Spoils.
 47033 | Depths:1 | Noticed a pearl dragon
 47044 | Depths:1 | Killed a pearl dragon
 47073 | Depths:1 | Found a white marble altar of Elyvilon.
 47073 | Depths:1 | Found a glowing golden altar of the Shining One.
 47073 | Depths:1 | Found a glowing silver altar of Zin.
 47159 | Depths:1 | Noticed MrSquiggles's ghost (adept DsGl)
 47583 | Depths:2 | Received a gift from Okawaru
 47852 | Depths:2 | Received a gift from Okawaru
 47958 | Depths:2 | Identified the +7 plate armour of the Hills {rElec rPois
                  | Regen+ Dex+3}
 48349 | Depths:2 | Reached skill level 5 in Throwing
 48467 | Depths:2 | Found a radiant altar of Vehumet.
 48699 | Depths:2 | Found a one-way gate leading to the halls of Pandemonium.
 48763 | Depths:2 | Found a white marble altar of Elyvilon.
 48851 | Depths:2 | Reached XP level 21. HP: 209/209 MP: 21/30
 48932 | Depths:2 | Noticed a juggernaut
 48946 | Depths:2 | Killed a juggernaut
 49241 | Depths:2 | Reached skill level 19 in Fighting
 49576 | Depths:2 | Lost mutation: You are covered in fur. (AC +1) [potion of
                  | mutation]
 49576 | Depths:2 | Lost mutation: You passively map a small area around you.
                  | [potion of mutation]
 49576 | Depths:2 | Lost mutation: Your body sometimes deteriorates upon taking
                  | damage. [potion of mutation]
 49576 | Depths:2 | Gained mutation: You passively map a small area around you.
                  | [potion of mutation]
 49576 | Depths:2 | Gained mutation: You expend magic power (3 MP) to
                  | strengthen your wands. [potion of mutation]
 49576 | Depths:2 | Gained mutation: Your spells are a little harder to cast,
                  | but a little more powerful. [potion of mutation]
 49576 | Depths:2 | Gained mutation: Your muscles are strong. (Str +4, Int/Dex
                  | -1) [potion of mutation]
 49576 | Depths:2 | Gained mutation: Your body sometimes deteriorates upon
                  | taking damage. [potion of mutation]
 49576 | Depths:2 | Gained mutation: Your movements are slightly less
                  | encumbered by armour. (ER -2) [potion of mutation]
 50024 | Arena    | Entered the Arena
 50192 | Depths:3 | Identified the +6 scale mail of Whack-A-Mole {*Slow rElec
                  | rPois SInv}
 50296 | Depths:3 | Identified the +5 flail "Byidwon" {heavy, rPois rN+ Dex+3
                  | Stlth+} (Okawaru gifted it to you on level 3 of the Depths)
 50296 | Depths:3 | Received a gift from Okawaru
 50547 | Depths:4 | Entered Level 4 of the Depths
 50878 | Depths:4 | Found a one-way gateway to a ziggurat.
 50912 | Depths:4 | Noticed a caustic shrike
 50913 | Depths:4 | Noticed a caustic shrike
 50920 | Depths:4 | Killed a caustic shrike
 50920 | Depths:4 | Received a gift from Okawaru
 50920 | Depths:4 | Noticed a caustic shrike
 50931 | Depths:4 | Killed a caustic shrike
 50937 | Depths:4 | Noticed a caustic shrike
 50944 | Depths:4 | Killed a caustic shrike
 50960 | Depths:4 | Killed a caustic shrike
 51091 | Depths:4 | Found the macabre finger necklace {Finger+ rN+}
 51096 | Depths:4 | Found a runed translucent door.
 51417 | Depths:3 | Received a gift from Okawaru
 51417 | Depths:3 | Found the +10 tower shield of Ignorance {rN+ Int-4}
 51552 | Depths:4 | Noticed a golden dragon
 51563 | Depths:4 | Killed a golden dragon
 51605 | Depths:4 | Reached XP level 22. HP: 223/223 MP: 22/31
 51626 | Depths:4 | Found a gate to the Realm of Zot.
 52038 | Depths:4 | Reached skill level 20 in Fighting
 52493 | Slime:1  | Entered Level 1 of the Pits of Slime
 52501 | Slime:2  | Noticed Dissolution
 52513 | Slime:1  | Killed Dissolution
 52656 | Slime:4  | Reached skill level 10 in Throwing
 52679 | Slime:5  | Entered Level 5 of the Pits of Slime
 52728 | Slime:5  | Found a viscous altar of Jiyva.
 52728 | Slime:5  | Noticed the Royal Jelly
 52747 | Slime:5  | Killed the Royal Jelly
 52806 | Slime:5  | Received a gift from Okawaru
 52890 | Slime:5  | Got a slimy rune of Zot
 52905 | Slime:5  | Identified the +7 shortbow "Ucuri" {freeze, rC+ Will++
                  | rCorr Dex-5}
 52912 | Slime:5  | Identified the ring of Zaniuv {+Blink Will+ rCorr Int-5}
 52915 | Slime:5  | Identified the +2 mace of Disembowelment {heavy, rPois
                  | Dex+5}
 52925 | Slime:5  | Identified the +5 spear of Conflict {holy, Will+}
 53013 | Slime:5  | Received a gift from Okawaru
 53493 | Vaults:5 | Noticed a golden dragon
 53517 | Vaults:5 | Killed a golden dragon
 53517 | Vaults:5 | Received a gift from Okawaru
 53595 | Vaults:5 | Received a gift from Okawaru
 53683 | Vaults:5 | Identified the +0 scale mail of Forking Paths {Dex+3}
                  | (Okawaru gifted it to you on level 5 of the Vaults)
 53683 | Vaults:5 | Received a gift from Okawaru
 53807 | Vaults:5 | Noticed a golden dragon
 53836 | Vaults:5 | Killed a golden dragon
 53954 | Vaults:5 | Identified the +1 war axe of Terror {antimagic, rC+}
 54008 | Vaults:5 | Identified the +5 scale mail of Famoidd {Dex+4}
 54020 | Vaults:5 | Noticed a golden dragon
 54026 | Vaults:5 | Killed a golden dragon
 54056 | Vaults:5 | Identified the +1 dagger of the Foremost Stories {heavy,
                  | rElec Will- Str+7 Dex+2}
 54098 | Vaults:5 | Identified the +6 great mace "Killer Bee's Regret"
                  | {antimagic, *Rage rC+ Int+5}
 54207 | Vaults:5 | Reached XP level 23. HP: 177/230 MP: 23/32
 54288 | Vaults:5 | Identified the +1 quarterstaff "Daqung" {heavy, Dex+3}
 54381 | Vaults:5 | Reached skill level 10 in Dodging
 54392 | Vaults:5 | Received a gift from Okawaru
 54801 | Vaults:5 | Received a gift from Okawaru
 54958 | Vaults:5 | Noticed a dread lich
 54972 | Vaults:5 | Killed a dread lich
 54972 | Vaults:5 | Received a gift from Okawaru
 55039 | Vaults:5 | Got a silver rune of Zot
 55571 | Depths:1 | Voluntarily entered the Abyss.
 55635 | Abyss:1  | Reached skill level 21 in Fighting
 55637 | Abyss:1  | Found a corrupted altar of Lugonu.
 55685 | Abyss:1  | Gained mutation: You occasionally lose the ability to drink
                  | potions when taking damage. [a neqoxec]
 55687 | Abyss:1  | Lost mutation: Your movements are slightly less encumbered
                  | by armour. (ER -2) [potion of mutation]
 55687 | Abyss:1  | Lost mutation: Your muscles are strong. (Str +4, Int/Dex
                  | -1) [potion of mutation]
 55687 | Abyss:1  | Lost mutation: You expend magic power (3 MP) to strengthen
                  | your wands. [potion of mutation]
 55687 | Abyss:1  | Lost mutation: You passively map a small area around you.
                  | [potion of mutation]
 55687 | Abyss:1  | Lost mutation: Your spells are a little harder to cast, but
                  | a little more powerful. [potion of mutation]
 55687 | Abyss:1  | Lost mutation: You occasionally lose the ability to drink
                  | potions when taking damage. [potion of mutation]
 55687 | Abyss:1  | Gained mutation: Your body often deteriorates upon taking
                  | damage. [potion of mutation]
 55687 | Abyss:1  | Gained mutation: Your skin changes colour to match your
                  | surroundings (Stealth+). [potion of mutation]
 55687 | Abyss:1  | Gained mutation: You are somewhat resistant to further
                  | mutation. [potion of mutation]
 55687 | Abyss:1  | Gained mutation: You are partially covered in large bone
                  | plates. (SH +4) [potion of mutation]
 55737 | Depths:1 | Escaped the Abyss
 55739 | Depths:1 | Voluntarily entered the Abyss.
 55995 | Abyss:2  | Received a gift from Okawaru
 56140 | Abyss:3  | Found a corrupted altar of Lugonu.
 56294 | Abyss:4  | Got an abyssal rune of Zot
 56302 | Depths:1 | Escaped the Abyss
 56501 | Zot:1    | Entered Level 1 of the Realm of Zot
 57010 | Arena    | Entered the Arena
 57043 | Zot:2    | Reached skill level 22 in Fighting
 57060 | Zot:2    | Received a gift from Okawaru
 57139 | Zot:3    | Noticed a Killer Klown
 57573 | Zot:5    | Entered Level 5 of the Realm of Zot
 57752 | Zot:5    | Reached XP level 24. HP: 246/249 MP: 19/32
 58258 | Zot:5    | Reached skill level 23 in Fighting
 58296 | Zot:5    | Noticed a dread lich
 58296 | Zot:5    | Noticed a dread lich
 58321 | Zot:5    | Killed a dread lich
 58322 | Zot:5    | Noticed a Killer Klown
 58326 | Zot:5    | Noticed a Killer Klown
 58349 | Zot:5    | Killed a Killer Klown
 58384 | Zot:5    | Noticed an orb of fire
 58421 | Zot:5    | Killed an orb of fire
 58427 | Zot:5    | Killed a Killer Klown
 58496 | Zot:5    | Noticed an ancient lich
 58517 | Zot:5    | Killed an ancient lich
 58721 | Zot:5    | Noticed a Killer Klown
 58737 | Zot:5    | Killed a Killer Klown
 58783 | Zot:5    | Noticed a Killer Klown
 58787 | Zot:5    | Received a gift from Okawaru
 58798 | Zot:5    | Killed a Killer Klown
 58803 | Zot:5    | Noticed a Killer Klown
 58817 | Zot:5    | Reached skill level 24 in Fighting
 58829 | Zot:5    | Killed a Killer Klown
 58983 | Zot:5    | Got the Orb of Zot
 59005 | Zot:5    | Noticed an ancient lich
 59082 | Zot:4    | Received a gift from Okawaru
 59352 | D:14     | Noticed Uxomy the pandemonium lord
 59400 | D:11     | Noticed Iskufopy the pandemonium lord
 59421 | D:11     | Killed Iskufopy the pandemonium lord
 59646 | D:$      | Escaped with the Orb!

Illustrated notes

Levels and vault maps discovered:
D:1:      grunt_arrival_lava_bath, layout_basic, serial_shops, shop,
          serial_rivers, chequers_serial_rivers_room_a,
          chequers_serial_rivers_room_b, chequers_serial_rivers_small_a,
          chequers_serial_rivers_small_3, chequers_serial_rivers_micro_d,
          chequers_serial_rivers_micro_c
D:2:      layout_basic, due_unseen_surprise, uniq_terence
D:3:      layout_loops_ring, ashenzari_conservatory_becter,
          nicolae_ru_great_annihilating_truth, minitemple
D:4:      layout_layer_cave, zin_statuary, enter_ossuary_5, uniq_ijyb
D:5:      layout_basic, lemuel_crystal_altar, gammafunk_temple_overflow_claw,
          temple_hall_moat, nicolae_wooded_promenade, interstate_on_off,
          nicolae_shop_vocational
D:6:      layout_loops_ring, lemuel_round_altar, uniq_sigmund,
          uniq_blork_the_orc, uniq_eustachio
D:7:      layout_cave_pools, uniq_crazy_yiuf_cottage
D:8:      layout_loops_cross, nicolae_uskayaw_murder_on_the_dancefloor,
          enter_bailey_2
D:9:      layout_basic, lair_entry_dummy, minmay_statue_crystal_thing,
          uniq_psyche
D:10:     layout_rooms
D:11:     layout_big_octagon, minmay_orc_entry_temple_small, uniq_erolcha,
          uniq_harold, uniq_sonja
D:12:     layout_rooms, uniq_frances, uniq_maurice
D:13:     layout_cave_pods, hive_lemuel, uniq_kirke
D:14:     layout_cave_pools, skrybe_vaults_entry_preservation, amethyst_killhole
D:15:     hangedman_depths_entry_civil_slaughter, layout_basic,
          nicolae_trove_entry_path_of_doom, nicolae_elyvilon_peaceful_grove
Lair:1:   layout_regular_city, uniq_urug
Lair:2:   layout_regular_city, minmay_swamp_entry_wisps,
          nicolae_spider_entry_non_spiders
Lair:3:   layout_small_grid, kennysheep_rathole, uniq_fannar
Lair:4:   layout_cave_shapes, nicolae_lair_yak_garden,
          infiniplex_staircase_pool, serial_bayou_shore_b
Lair:5:   due_jungle_book, layout_loops_ring, minmay_slime_entry_pillars,
          grunt_megastairs_5
Swamp:1:  nicolae_swamp_ascending_descending, layout_basic_swamp,
          nicolae_swamp_tree_isthmus, uniq_aizul, uniq_mlioglotl
Swamp:2:  layout_basic_swamp, evilmike_swamp_ruin_house_6, swamp_pool1,
          uniq_louise, uniq_donald
Swamp:3:  layout_basic_swamp, evilmike_swamp_ruin_house_1
Swamp:4:  swamp_fiery, layout_basic_swamp
Spider:1: layout_spider_delve
Spider:2: layout_spider_delve, nicolae_spider_some_kinda_spiderbox
Spider:3: nicolae_spider_brood_tunnel
Spider:4: spider_rune_water
Slime:1:  layout_caves
Slime:2:  layout_caves, dissolution_awaits
Slime:3:  layout_caves, nicolae_slime_barrier
Slime:4:  layout_caves
Slime:5
Orc:1:    layout_caves, uniq_snorg
Orc:2:    st_orc_elflike, layout_caves, gammafunk_ghost_berserking_beasts,
          serial_shops, nicolae_shop_window_shopping
Vaults:1: nicolae_vaults_triangles, nicolae_vaults_network_square,
          vaults_room_door_hall, nicolae_vaults_network_s,
          nicolae_vaults_stairing_the_circle, hangedman_vaults_maws,
          nicolae_vaults_big_angled_halls, nicolae_vaults_ring_of_whatevers,
          st_diamondy, v_misc_24, nicolae_vaults_circle_grid_b,
          nicolae_vaults_little_squares_5, layout_vaults_omnibox, serial_shops,
          nicolae_shop_advertising_works [nicolae_subvault_shop_adworks]
Vaults:2: ontoclasm_vaults_shuriken, nicolae_vaults_yaktaur_gun_rack,
          vaults_standard_mumra_enter_the_diamond,
          nicolae_vaults_network_quinsquares
          [nicolae_vaults_network_quincunx_subvault,
          nicolae_vaults_network_quincunx_subvault,
          nicolae_vaults_network_quincunx_subvault,
          nicolae_vaults_network_quincunx_subvault], v_misc_10, v_misc_33,
          v_misc_1, ontoclasm_vaults_fire_temple, vaults_room_semicircle,
          nicolae_vaults_little_squares_4, layout_vaults_omnicross
Vaults:3: gammafunk_ghost_fury_of_okawaru, gammafunk_sealed_arena, v_misc_22,
          nicolae_vaults_what_the_h, v_misc_8, nicolae_vaults_rhombus_6,
          nicolae_vaults_three_branches, v_misc_31, vaults_room_large_hall,
          layout_vaults_big_room, dummy_crypt_entry, uniq_xtahua
Vaults:4: nicolae_vaults_circle_grid_b, nicolae_vaults_ninety_degrees,
          ontoclasm_vaults_misaligned, hangedman_vaults_slice, v_pattern_2,
          hangedman_vaults_slice, hangedman_vaults_corner,
          ontoclasm_vaults_fault, ontoclasm_vaults_ring_small,
          ontoclasm_vaults_ring_square, ontoclasm_vaults_ligature,
          vaults_dpeg_spiral, dpeg_vaults_monster_box,
          nicolae_vaults_diagonal_hallway_7, layout_vaults_ring, serial_shops,
          nicolae_shop_statue_plus, uniq_mara
Vaults:5
Depths:1: layout_gridlike, gammafunk_ghost_cemetery, okawaru_gym_becter,
          abyss_entry_crystal, hell_entry, nicolae_shop_dragon_depot,
          hallowed_hall, minmay_shop_star, serial_bayou_shore_a
Depths:2: cheibrodos_hall_of_evolution, layout_basic, hellmouth_3, pan_entry,
          nicolae_vehumet_radiance, kennysheep_small_circle
Depths:3: kennysheep_cluttered_fort, layout_small_grid, hangedman_coc_ice_floe,
          abyss_entry
Depths:4: evilmike_zot_entry_hall, layout_cave_pools, enter_ziggurat_b,
          rand_demon_pan_entry_7, kennysheep_doodads, hell_entry,
          marbit_kobold_abyss_entry, st_stairs_1, minmay_acid_items
Zot:1:    kennysheep_spiral_hall, layout_basic, gammafunk_ghost_necromancy
Zot:2:    minmay_elemental_castle, layout_cathedral_of_symmetry, uniq_parghit
Zot:3:    layout_cathedral_of_symmetry, grunt_ministairs_1,
          st_single_dragon_hoard_4
Zot:4:    evilmike_crystal_ball_defense, layout_cathedral_of_symmetry,
          uniq_josephina
Zot:5:    layout_basic

Skill      XL: |  1  2  3  4  5  6  7  8  9 10 11 12 13 14 15 16 17 18 19 20 21 22 23 24 |
---------------+-------------------------------------------------------------------------+-----
Maces & Flails | 3 4 5 6 7 8 10 14 15 16 | 16.0
Fighting       | 2 3 4 5 6 7 10 11 14 15 16 17 18 19 20 22 24 | 24.4
Shields        | 1 4 5 8 12 14 15 17 20 21 | 21.0
Armour         | 6 9 11 13 16 20 21 | 21.0
Invocations    | 2 6 10 12 | 12.0
Dodging        | 5 7 9 10 | 10.0
Evocations     | 9 12 13 14 | 14.0
Throwing       | 5 9 11 12 | 12.0
Spellcasting   | |  1.7
Conjurations   | |  2.6

Action                     |  1- 3 |  4- 6 |  7- 9 | 10-12 | 13-15 | 16-18 | 19-21 | 22-24 || total
---------------------------+-------+-------+-------+-------+-------+-------+-------+-------++-------
  Melee: Mace              |    92 |    19 |       |       |       |       |       |       ||   111
         Tailslap          |    11 |    13 |    50 |    43 |   307 |   345 |   459 |   525 ||  1753
         Morningstar       |       |   116 |   377 |   403 |  1829 |  1824 |  2010 |  1940 ||  8499
  Throw: Dart              |       |       |     1 |     1 |     1 |       |       |       ||     3
         Throwing net      |       |       |       |       |       |       |       |     1 ||     1
         Javelin           |       |       |       |       |       |       |       |     4 ||     4
 Invoke: Heroism           |       |       |     2 |     6 |    23 |    13 |    10 |    16 ||    70
         Finesse           |       |       |       |     1 |     5 |     4 |     3 |    11 ||    24
         Duel              |       |       |       |       |       |       |     1 |     1 ||     2
  Evoke: Wand              |       |       |     2 |     4 |     1 |     1 |       |     1 ||     9
         Lightning rod     |       |       |       |       |       |     2 |     4 |       ||     6
         Tin of tremorston |       |       |       |       |       |       |     2 |     4 ||     6
    Use: Potion            |       |     5 |     2 |     1 |     3 |     7 |     3 |    10 ||    31
         Scroll            |       |       |    18 |     3 |     9 |     4 |       |    17 ||    51
   Stab: Invisible         |     1 |       |       |       |       |     2 |       |       ||     3
         Paralysed         |     1 |       |       |       |       |       |       |       ||     1
         Petrified         |       |       |       |       |     6 |       |       |       ||     6
         Distracted        |       |       |       |       |       |       |     1 |       ||     1
         Held in net/web   |       |       |       |       |       |       |       |     2 ||     2
 Armour: Leather armour    |    20 |       |       |       |       |       |       |       ||    20
         Plate armour      |    10 |   207 |   276 |   212 |   662 |    36 |       |       ||  1403
         Swamp dragon scal |       |       |       |       |       |   410 |       |       ||   410
         Gold dragon scale |       |       |       |       |       |   566 |  1251 |   654 ||  2471
  Dodge: Dodged            |    40 |   118 |   187 |   237 |   604 |   810 |   718 |   292 ||  3006
  Block: Buckler           |       |       |    94 |    81 |    63 |       |       |       ||   238
         Kite shield       |       |       |       |       |  1070 |  1646 |  1354 |       ||  4070
         Reflection        |       |       |       |       |    25 |    32 |    53 |       ||   110
         Tower shield      |       |       |       |       |       |       |    95 |  2112 ||  2207

Table legend: (Time is in decaauts)
 A = Elapsed time spent in this place.
 B = Non-inter-level travel time spent in this place.
 C = Inter-level travel time spent in this place.
 D = Time resting spent in this place.
 E = Time spent auto-exploring this place.
 F = Levels seen in this place.
 G = Mean time per level.
                   A        B        C        D        E       F      G
               +--------+--------+--------+--------+--------+-----+--------+
         Total |  57611 |  53211 |   4400 |   9370 |  31524 |  58 |  993.3 |
       Dungeon |  16898 |  14694 |   2204 |   2507 |   9188 |  15 | 1126.5 |
          Lair |   9122 |   8419 |    703 |   1561 |   5462 |   5 | 1824.4 |
         Swamp |   5324 |   5178 |    146 |   1325 |   2946 |   4 | 1331.0 |
   Spider Nest |   4854 |   4747 |    107 |    533 |   3159 |   4 | 1213.5 |
    Slime Pits |    519 |    462 |     57 |    108 |    126 |   5 |  103.8 |
  Orcish Mines |   1463 |   1392 |     71 |    176 |    925 |   2 |  731.5 |
        Vaults |   9118 |   8480 |    638 |   1067 |   5344 |   5 | 1823.6 |
        Depths |   6263 |   5835 |    428 |   1288 |   2964 |   4 | 1565.8 |
           Zot |   2322 |   2280 |     42 |    706 |    480 |   5 |  464.4 |
         Abyss |    672 |    672 |      0 |      0 |    383 |   5 |  134.4 |
       Ossuary |    322 |    322 |      0 |      0 |    212 |   1 |  322.0 |
        Bailey |    689 |    689 |      0 |     87 |    335 |   1 |  689.0 |
         Arena |     39 |     39 |      0 |     10 |      0 |   2 |   19.5 |
               +--------+--------+--------+--------+--------+-----+--------+

Top non-repeatable levels by time:
  Lair:5: 2361 daAuts
    D:11: 2259 daAuts
Vaults:1: 2163 daAuts
  Lair:2: 2094 daAuts
 Swamp:1: 1976 daAuts
Depths:2: 1918 daAuts
Vaults:2: 1892 daAuts
Vaults:4: 1704 daAuts
Vaults:3: 1692 daAuts
Vaults:5: 1664 daAuts
  Lair:4: 1655 daAuts
Depths:3: 1604 daAuts
  Lair:1: 1557 daAuts
Depths:1: 1544 daAuts
    D:13: 1532 daAuts
